[Event "10th KiiT Festival 2017"]
[Site "Bhubaneshwar"]
[Date "2017.05.27"]
[Round "1"]
[White "Sidhant, Mohapatra"]
[Black "Manish Anto Cristiano F"]
[Result "1-0"]
[ECO "B53"]
[WhiteElo "2393"]
[BlackElo "1944"]
[Annotator "NA"]
[PlyCount "93"]
[EventDate "2017.05.26"]
[EventType "swiss"]
[EventCountry "IND"]
[SourceTitle "playchess.com"]
[Source "ChessBase"]
[SourceQuality "1"]
[TimeControl "5400+30"]

1. e4 c5 2. Nf3 d6 3. d4 cxd4 4. Qxd4 Nc6 5. Bb5 Bd7 6. Bxc6 Bxc6 7. Bg5 h6 8. Bh4 Nf6 9. Nc3 g5 10. Bg3 Bg7 11. Qd3 Qb6 12. O-O O-O 13. Nd4 Bd7 14. e5 dxe5 15. Bxe5 e6 16. Rad1 Rfd8 17. h4 Nh5 18. Bxg7 Kxg7 19. Qe3 f6 20. Na4 Qb4 21. Nc5 Kh7 22. Ncxe6 Bxe6 23. Qxe6 Qf8 24. Qf5+ Kh8 25. Ne6 Ng7 26. Nxg7 Qxg7 27. h5 g4 28. Rfe1 Qg5 29. Qxg5 hxg5 30. Rxd8+ Rxd8 31. Re7 Rd2 32. Rxb7 Rxc2 33. Kh2 Rxf2 34. Kg3 Rd2 35. Kxg4 Rxg2+ 36. Kf5 Rd2 37. Kg6 Rd8 38. Rh7+ Kg8 39. Rxa7 g4 40. Ra3 Rb8 41. Rc3 Kf8 42. b3 Rb4 43. Kxf6 Ke8 44. Re3+ Kd8 45. a3 Rb7 46. Kg6 Rb6+ 47. Kg5 1-0

[Event "10th KiiT Festival 2017"]
[Site "Bhubaneshwar"]
[Date "2017.05.27"]
[Round "1"]
[White "Krishna C R G"]
[Black "Toshali, V."]
[Result "1-0"]
[ECO "D02"]
[WhiteElo "2392"]
[BlackElo "1943"]
[Annotator "NA"]
[PlyCount "133"]
[EventDate "2017.05.26"]
[EventType "swiss"]
[EventCountry "IND"]
[SourceTitle "playchess.com"]
[Source "ChessBase"]
[SourceQuality "1"]
[TimeControl "5400+30"]

1. d4 d5 2. Nf3 Nc6 3. g3 Bf5 4. Bg2 e6 5. O-O Nb4 6. Na3 Nf6 7. Bf4 c6 8. c3 Na6 9. Qa4 Bd6 10. Ne5 Bxe5 11. Bxe5 O-O 12. Qd1 Nc7 13. c4 Rc8 14. Qb3 Rb8 15. Rac1 Nfe8 16. Rfd1 f6 17. Bf4 Rf7 18. Nb1 Nd6 19. Nd2 g5 20. Be3 Qe7 21. f3 Bg6 22. Bf2 f5 23. Re1 Qd7 24. Qa3 a6 25. Qb4 h6 26. Rc3 Rbf8 27. a4 Nce8 28. Rcc1 Nf6 29. Qa3 h5 30. Qe3 Nh7 31. Bh3 g4 32. Bg2 Kg7 33. Qe5+ Nf6 34. Be3 Nde8 35. Bf4 Kh7 36. Nb3 dxc4 37. Nc5 Qd5 38. Nxe6 Rg8 39. Ng5+ Kg7 40. e4 fxe4 41. fxe4 Qxe5 42. dxe5 Nh7 43. Nxf7 Bxf7 44. a5 Be6 45. Bf1 Nc7 46. Red1 Kf7 47. Bxc4 Ke7 48. Be3 Bxc4 49. Rxc4 Nb5 50. Rc2 Ng5 51. Bxg5+ Rxg5 52. Rcd2 Rxe5 53. Rd7+ Ke6 54. Rd8 Kf6 55. R1d7 Rxe4 56. Rxb7 Ra4 57. Rb6 Rxa5 58. Rxc6+ Ke7 59. Rh8 Kd7 60. Rc5 Ra2 61. Rc2 Ke6 62. Rd2 Ke5 63. Rxh5+ Ke4 64. Kf2 Nd4 65. Rg5 Ra4 66. Rxg4+ Ke5 67. h4 1-0

[Event "10th KiiT Festival 2017"]
[Site "Bhubaneshwar"]
[Date "2017.05.27"]
[Round "1"]
[White "Padmini, Rout"]
[Black "Chandreyee, Hajra"]
[Result "0-1"]
[ECO "B12"]
[WhiteElo "2380"]
[BlackElo "1934"]
[Annotator "NA"]
[PlyCount "96"]
[EventDate "2017.05.26"]
[EventType "swiss"]
[EventCountry "IND"]
[SourceTitle "playchess.com"]
[Source "ChessBase"]
[SourceQuality "1"]
[TimeControl "5400+30"]

1. e4 c6 2. d4 d5 3. e5 Bf5 4. Nf3 e6 5. Be2 Ne7 6. O-O h6 7. Nbd2 Bh7 8. Nb3 Nd7 9. a4 Nf5 10. Bd3 Be7 11. g4 Nh4 12. Bxh7 Nxf3+ 13. Qxf3 Rxh7 14. Qd3 Rh8 15. f4 c5 16. f5 c4 17. Qf3 Nxe5 18. dxe5 cxb3 19. Be3 bxc2 20. Bd4 Rc8 21. Rac1 Rc4 22. Qd3 Qc8 23. Rf2 Bc5 24. Bxc5 Qxc5 25. Rcxc2 Rxc2 26. Qxc2 Qxc2 27. Rxc2 Kd7 28. fxe6+ fxe6 29. Rf2 Ke7 30. Rc2 Rd8 31. Kg2 Kd7 32. Kg3 Rf8 33. Rc1 Rc8 34. Rf1 Ke7 35. Rf3 Rc4 36. a5 b6 37. axb6 axb6 38. Re3 Kd7 39. h4 Kc6 40. h5 d4 41. Rf3 Kd5 42. Rf7 d3 43. Rxg7 Rd4 44. Kf2 d2 45. Rd7+ Kxe5 46. Rxd4 Kxd4 47. Ke2 Ke5 48. g5 hxg5 0-1

[Event "10th KiiT Festival 2017"]
[Site "Bhubaneshwar"]
[Date "2017.05.27"]
[Round "1"]
[White "Ravi, Teja S"]
[Black "Mullick, Raahil"]
[Result "1-0"]
[ECO "D12"]
[WhiteElo "2369"]
[BlackElo "1929"]
[Annotator "NA"]
[PlyCount "55"]
[EventDate "2017.05.26"]
[EventType "swiss"]
[EventCountry "IND"]
[SourceTitle "playchess.com"]
[Source "ChessBase"]
[SourceQuality "1"]
[TimeControl "5400+30"]

1. d4 d5 2. Nf3 Nf6 3. c4 c6 4. e3 Bf5 5. cxd5 cxd5 6. Nc3 e6 7. Ne5 Nc6 8. g4 Bg6 9. h4 Bb4 10. h5 Nxe5 11. dxe5 Bxc3+ 12. bxc3 Be4 13. f3 Nxg4 14. fxe4 Nxe5 15. exd5 Qg5 16. Qa4+ Kf8 17. Qf4 exd5 18. Ba3+ Kg8 19. Qxg5 Nf3+ 20. Kf2 Nxg5 21. Bg2 Ne4+ 22. Bxe4 dxe4 23. Rad1 h6 24. Rd7 Kh7 25. Rxf7 Rac8 26. Rg1 Rhg8 27. Rxb7 a5 28. Bd6 1-0

[Event "10th KiiT Festival 2017"]
[Site "Bhubaneshwar"]
[Date "2017.05.27"]
[Round "1"]
[White "Navalgund, Niranjan"]
[Black "Aakash Sharadchandra, Dalvi"]
[Result "1/2-1/2"]
[ECO "A40"]
[WhiteElo "2351"]
[BlackElo "1919"]
[Annotator "NA"]
[PlyCount "141"]
[EventDate "2017.05.26"]
[EventType "swiss"]
[EventCountry "IND"]
[SourceTitle "playchess.com"]
[Source "ChessBase"]
[SourceQuality "1"]
[TimeControl "5400+30"]

1. d4 Nf6 2. c4 e6 3. g3 d5 4. Nf3 Bb4+ 5. Bd2 Be7 6. Bg2 O-O 7. O-O c6 8. a4 Ne4 9. Bf4 Nd7 10. Nfd2 f5 11. f3 Nxd2 12. Qxd2 Bf6 13. Rd1 Nb6 14. c5 Nc4 15. Qc3 g5 16. b3 gxf4 17. bxc4 Qc7 18. gxf4 Qxf4 19. e3 Qh4 20. f4 Kh8 21. Qe1 Qh5 22. Kh1 Bh4 23. Qf1 Rg8 24. Bf3 Qh6 25. Qh3 Rg6 26. Ra2 Bd7 27. Rg2 Rag8 28. Rdg1 Rxg2 29. Rxg2 Rxg2 30. Qxg2 Qg7 31. Qxg7+ Kxg7 32. Kg2 dxc4 33. Be2 b6 34. cxb6 axb6 35. Bxc4 Be7 36. Nc3 Bb4 37. Nd1 b5 38. Bb3 Kf6 39. Nb2 c5 40. axb5 cxd4 41. Bc4 dxe3 42. Kf3 Bc5 43. Nd1 Be8 44. Nc3 Bh5+ 45. Kg3 Bd4 46. Be2 Be8 47. Na2 Ke7 48. Nb4 Kd6 49. Nc6 Bb6 50. Kg2 Kd5 51. Bf3+ Kc4 52. Be2+ Kc3 53. Kf1 Bc7 54. h3 Bxf4 55. Nd8 Bd7 56. b6 Kd4 57. b7 Kc5 58. Ke1 Bg3+ 59. Kf1 Kb6 60. Bc4 Kc7 61. Nxe6+ Kb6 62. Ke2 Be8 63. Bd5 Bf7 64. Kxe3 Bxe6 65. Bxe6 f4+ 66. Kf3 Kxb7 67. Bg8 h5 68. h4 Bxh4 69. Bf7 Kc6 70. Kxf4 Kd6 71. Bxh5 1/2-1/2

[Event "10th KiiT Festival 2017"]
[Site "Bhubaneshwar"]
[Date "2017.05.27"]
[Round "1"]
[White "Sai Krishna G V"]
[Black "Rohith Krishna S"]
[Result "1/2-1/2"]
[ECO "C65"]
[WhiteElo "2339"]
[BlackElo "1914"]
[Annotator "NA"]
[PlyCount "84"]
[EventDate "2017.05.26"]
[EventType "swiss"]
[EventCountry "IND"]
[SourceTitle "playchess.com"]
[Source "ChessBase"]
[SourceQuality "1"]
[TimeControl "5400+30"]

1. e4 e5 2. Nf3 Nc6 3. Bb5 Nf6 4. O-O Be7 5. Re1 d6 6. c3 a6 7. Ba4 b5 8. Bb3 Na5 9. Bc2 c5 10. d4 Qc7 11. Nbd2 O-O 12. d5 Re8 13. Nf1 Bf8 14. Ng3 g6 15. h3 Bg7 16. Nh2 Rb8 17. b3 Nb7 18. a4 Bd7 19. f4 exf4 20. Bxf4 bxa4 21. bxa4 Bc8 22. Rf1 Rf8 23. Qd2 Nd7 24. Bh6 Ne5 25. Bxg7 Kxg7 26. Qg5 h6 27. Nh5+ Kh7 28. Nf6+ Kg7 29. Qg3 Na5 30. Rf2 Nac4 31. Raf1 Qe7 32. Nh5+ Kh7 33. Nf6+ Kg7 34. Qh4 Rb7 35. Bd1 Ne3 36. Qg3 Nxf1 37. Nxf1 Rb1 38. Bc2 Rc1 39. Nh5+ Kh7 40. Nf6+ Kg7 41. Nh5+ Kh7 42. Nf6+ Kg7 1/2-1/2

[Event "10th KiiT Festival 2017"]
[Site "Bhubaneshwar"]
[Date "2017.05.27"]
[Round "1"]
[White "Dileep Kumar R"]
[Black "Das, Sayantan"]
[Result "0-1"]
[ECO "C11"]
[WhiteElo "1944"]
[BlackElo "2396"]
[Annotator "NA"]
[PlyCount "110"]
[EventDate "2017.05.26"]
[EventType "swiss"]
[EventCountry "IND"]
[SourceTitle "playchess.com"]
[Source "ChessBase"]
[SourceQuality "1"]
[TimeControl "5400+30"]

1. e4 e6 2. d4 d5 3. Nc3 Nf6 4. Bg5 dxe4 5. Nxe4 Be7 6. Bxf6 gxf6 7. Nf3 a6 8. g3 b5 9. Bg2 Bb7 10. Nc3 c5 11. dxc5 Qxd1+ 12. Rxd1 Bxc5 13. O-O Bb4 14. Rd3 Ke7 15. Rfd1 Rc8 16. Nd4 Bxg2 17. Kxg2 Bxc3 18. Rxc3 Rxc3 19. bxc3 Nd7 20. Nc6+ Ke8 21. Rd6 Nc5 22. Na5 Ne4 23. Rc6 Kd7 24. c4 Nd6 25. Rc5 f5 26. f3 f6 27. Kf2 h5 28. h4 Rg8 29. Rc6 Ra8 30. Rc5 e5 31. a3 e4 32. Ke3 Rg8 33. Kf4 Re8 34. Ke3 Rb8 35. cxb5 axb5 36. fxe4 Rg8 37. exf5 Rxg3+ 38. Kf4 Rxa3 39. Nb3 Ra4+ 40. Ke3 Re4+ 41. Kd3 Rxh4 42. Nd4 Rh3+ 43. Ke2 b4 44. Ra5 Ra3 45. Rd5 Rc3 46. Ra5 h4 47. Ra7+ Rc7 48. Ra8 h3 49. Rh8 Rc3 50. Rh7+ Ke8 51. Rh4 Kf7 52. Kf2 Rc4 53. Rf4 h2 54. Kg2 Nb5 55. Ne2 Rxc2 0-1

[Event "10th KiiT Festival 2017"]
[Site "Bhubaneshwar"]
[Date "2017.05.27"]
[Round "1"]
[White "Shourya Jain"]
[Black "Iniyan, P."]
[Result "0-1"]
[ECO "B23"]
[WhiteElo "1944"]
[BlackElo "2392"]
[Annotator "NA"]
[PlyCount "80"]
[EventDate "2017.05.26"]
[EventType "swiss"]
[EventCountry "IND"]
[SourceTitle "playchess.com"]
[Source "ChessBase"]
[SourceQuality "1"]
[TimeControl "5400+30"]

1. e4 c5 2. Nc3 d6 3. f4 Nf6 4. Nf3 a6 5. a4 b6 6. d3 Bb7 7. g3 g6 8. Bg2 Bg7 9. O-O O-O 10. h3 Nc6 11. Be3 Nd7 12. d4 cxd4 13. Nxd4 Na5 14. Qe2 Rc8 15. Bf2 e5 16. fxe5 dxe5 17. Nf3 Nc4 18. b3 Nd6 19. Nd5 Nxe4 20. Qxe4 Nc5 21. Bxc5 Bxd5 22. Qe1 Rxc5 23. Rc1 e4 24. Nh4 f5 25. c4 Be6 26. Rd1 Qe7 27. Bh1 b5 28. cxb5 axb5 29. axb5 Bxb3 30. Rc1 Rxb5 31. Ng2 Bb2 32. Qe2 Qe5 33. Rb1 Ba2 34. Rbd1 Bd4+ 35. Kh2 Rb2 36. Rd2 Rfb8 37. Rc1 Bf7 38. Rxb2 Rxb2 39. Rc2 Rb3 40. Qe1 Rxg3 0-1

[Event "10th KiiT Festival 2017"]
[Site "Bhubaneshwar"]
[Date "2017.05.27"]
[Round "1"]
[White "Mrudul Dehankar"]
[Black "Sardana, Rishi"]
[Result "1-0"]
[ECO "D02"]
[WhiteElo "1942"]
[BlackElo "2390"]
[Annotator "NA"]
[PlyCount "105"]
[EventDate "2017.05.26"]
[EventType "swiss"]
[EventCountry "IND"]
[SourceTitle "playchess.com"]
[Source "ChessBase"]
[SourceQuality "1"]
[TimeControl "5400+30"]

1. d4 Nf6 2. Nf3 d5 3. Bf4 c5 4. e3 Nc6 5. c3 e6 6. Nbd2 cxd4 7. exd4 Nh5 8. Bg3 Nxg3 9. hxg3 Bd6 10. Bd3 h6 11. Qe2 O-O 12. Ne5 f6 13. Ng4 Qc7 14. Nxh6+ gxh6 15. Rxh6 Rf7 16. Qh5 Kf8 17. Rh8+ Ke7 18. Bg6 Nd8 19. Bxf7 Nxf7 20. Rh7 Ke8 21. Qg6 Bf8 22. Qxf6 Qe7 23. Qg6 e5 24. Nf3 Qe6 25. Qh5 Qf5 26. Ng5 Be6 27. Nxe6 Qxe6 28. dxe5 Qxe5+ 29. Qxe5+ Nxe5 30. O-O-O Nf7 31. Rxd5 Rc8 32. f4 Rc6 33. Rf5 Nh6 34. Re5+ Kd8 35. Rxb7 Bd6 36. Rh5 Bc7 37. Rxa7 Nf7 38. Ra8+ Ke7 39. Ra4 Re6 40. Ra7 Kd8 41. Rh7 Re7 42. Ra8+ Kd7 43. Rf8 Ke6 44. Rg8 Kf6 45. Rgg7 Bb6 46. f5 Be3+ 47. Kc2 Rd7 48. Rxf7+ Rxf7 49. Rxf7+ Kxf7 50. Kd3 Bf2 51. g4 Kf6 52. Ke4 Bg3 53. c4 1-0

[Event "10th KiiT Festival 2017"]
[Site "Bhubaneshwar"]
[Date "2017.05.27"]
[Round "1"]
[White "Jishitha D"]
[Black "Rathnakaran, K."]
[Result "1/2-1/2"]
[ECO "E63"]
[WhiteElo "1933"]
[BlackElo "2378"]
[Annotator "NA"]
[PlyCount "77"]
[EventDate "2017.05.26"]
[EventType "swiss"]
[EventCountry "IND"]
[SourceTitle "playchess.com"]
[Source "ChessBase"]
[SourceQuality "1"]
[TimeControl "5400+30"]

1. d4 Nf6 2. c4 g6 3. g3 Bg7 4. Bg2 O-O 5. Nf3 d6 6. Nc3 Nc6 7. O-O a6 8. d5 Na5 9. Nd2 c5 10. Qc2 Bd7 11. b3 b5 12. Bb2 Rb8 13. Rab1 e5 14. dxe6 fxe6 15. Nce4 Ne8 16. Bxg7 Kxg7 17. Rfd1 Nc6 18. Nf3 Qe7 19. cxb5 Nb4 20. Qd2 Bxb5 21. a4 Bc6 22. Nxd6 Nxd6 23. Qxd6 Qxd6 24. Rxd6 Be4 25. Rc1 Bc2 26. Ng5 Kf6 27. Ne4+ Bxe4 28. Bxe4 Ke5 29. Rd7 Kxe4 30. Rxc5 Nd5 31. Rc4+ Ke5 32. Rc6 Rxb3 33. f4+ Kf5 34. Kf2 Rb4 35. Kf3 h5 36. Rxd5+ exd5 37. h3 Rb3+ 38. e3 Rxe3+ 39. Kxe3 1/2-1/2

[Event "10th KiiT Festival 2017"]
[Site "Bhubaneshwar"]
[Date "2017.05.27"]
[Round "1"]
[White "Singh, Neha"]
[Black "Rathanvel, V S"]
[Result "1/2-1/2"]
[ECO "B84"]
[WhiteElo "1922"]
[BlackElo "2361"]
[Annotator "NA"]
[PlyCount "94"]
[EventDate "2017.05.26"]
[EventType "swiss"]
[EventCountry "IND"]
[SourceTitle "playchess.com"]
[Source "ChessBase"]
[SourceQuality "1"]
[TimeControl "5400+30"]

1. e4 c5 2. Nf3 d6 3. d4 cxd4 4. Nxd4 Nf6 5. Nc3 a6 6. Be2 e6 7. O-O Be7 8. Be3 O-O 9. a4 Nc6 10. Kh1 Qc7 11. f4 Rb8 12. Qe1 Re8 13. Qg3 Bf8 14. Rad1 d5 15. e5 Ne4 16. Nxe4 dxe4 17. c3 Bd7 18. Ra1 Ne7 19. Qf2 b5 20. axb5 axb5 21. Nb3 Bc6 22. Ra7 Qc8 23. Nc5 Nf5 24. Rfa1 Rd8 25. Kg1 Nxe3 26. Qxe3 Bxc5 27. Qxc5 Rd2 28. Qe7 Qf8 29. Bf1 Rxb2 30. Qd6 Bd5 31. Re1 Qxd6 32. exd6 Rd8 33. Ra5 Bc6 34. Ra6 Rxd6 35. Rxe4 Bxe4 36. Rxd6 g6 37. Rd4 Bd5 38. Rb4 Rc2 39. Rxb5 Rxc3 40. Rb2 h5 41. h4 Kg7 42. Kh2 Rc1 43. Be2 Kf6 44. Kg3 Rh1 45. Rc2 Rb1 46. Rc3 Rb2 47. Bf3 Bxf3 1/2-1/2

[Event "10th KiiT Festival 2017"]
[Site "Bhubaneshwar"]
[Date "2017.05.27"]
[Round "1"]
[White "Amarasinghe, A A C B"]
[Black "Saravana, Krishnan P"]
[Result "1-0"]
[ECO "C18"]
[WhiteElo "1915"]
[BlackElo "2345"]
[Annotator "NA"]
[PlyCount "59"]
[EventDate "2017.05.28"]
[EventType "swiss"]
[EventCountry "IND"]
[SourceTitle "playchess.com"]
[Source "ChessBase"]
[SourceQuality "1"]
[TimeControl "5400+30"]

1. e4 e6 2. d4 d5 3. Nc3 Bb4 4. e5 c5 5. a3 Bxc3+ 6. bxc3 Qa5 7. Bd2 Qa4 8. Qg4 g6 9. h4 Nc6 10. h5 Qxc2 11. hxg6 Qxg6 12. Qxg6 fxg6 13. Nf3 c4 14. Be2 h6 15. Bd1 Kf7 16. Bc2 Kg7 17. O-O-O Bd7 18. Rh3 Nge7 19. Rdh1 g5 20. Nh2 Nf5 21. Ng4 Nce7 22. Nf6 Bc6 23. g4 Rad8 24. gxf5 exf5 25. Bxg5 hxg5 26. Rh7+ Rxh7 27. Rxh7+ Kg6 28. Rxe7 Rh8 29. Ng4 Rh1+ 30. Kb2 1-0

[Event "10th KiiT Festival 2017"]
[Site "Bhubaneshwar"]
[Date "2017.05.27"]
[Round "2"]
[White "Das, Sayantan"]
[Black "Avdhoot Lendhe"]
[Result "1-0"]
[ECO "B19"]
[WhiteElo "2396"]
[BlackElo "2080"]
[Annotator "NA"]
[PlyCount "63"]
[EventDate "2017.05.26"]
[EventType "swiss"]
[EventCountry "IND"]
[SourceTitle "playchess.com"]
[Source "ChessBase"]
[SourceQuality "1"]
[TimeControl "5400+30"]

1. e4 c6 2. d4 d5 3. Nd2 dxe4 4. Nxe4 Bf5 5. Ng3 Bg6 6. h4 h6 7. Nf3 Nd7 8. h5 Bh7 9. Bd3 Bxd3 10. Qxd3 e6 11. Bf4 Qa5+ 12. Bd2 Bb4 13. c3 Be7 14. c4 Qc7 15. O-O-O Ngf6 16. Kb1 O-O-O 17. Ne4 c5 18. Nc3 cxd4 19. Nb5 Qb6 20. Bf4 Ne8 21. Qxd4 Bc5 22. Qc3 a6 23. Nbd4 Nef6 24. Bh2 Rhe8 25. Nb3 Ne4 26. Qc2 Ndf6 27. Rdf1 Re7 28. Ne5 Bd4 29. c5 Qb5 30. Nc4 Bxc5 31. f3 Nd6 32. Nxd6+ 1-0

[Event "10th KiiT Festival 2017"]
[Site "Bhubaneshwar"]
[Date "2017.05.27"]
[Round "2"]
[White "Iniyan, P."]
[Black "Pruthu Deshpande"]
[Result "1-0"]
[ECO "D10"]
[WhiteElo "2392"]
[BlackElo "2075"]
[Annotator "NA"]
[PlyCount "101"]
[EventDate "2017.05.26"]
[EventType "swiss"]
[EventCountry "IND"]
[SourceTitle "playchess.com"]
[Source "ChessBase"]
[SourceQuality "1"]
[TimeControl "5400+30"]

1. d4 d5 2. c4 c6 3. Nc3 Nf6 4. e3 a6 5. Nf3 Bf5 6. Qb3 Ra7 7. Ne5 e6 8. Be2 h6 9. O-O Nbd7 10. f4 Bd6 11. Bd2 O-O 12. Be1 Ne4 13. Kh1 Qc7 14. Rc1 Nxc3 15. Qxc3 Raa8 16. Bh4 Rae8 17. Bf3 f6 18. Nd3 g5 19. Bg3 g4 20. Be2 h5 21. Nf2 Rf7 22. c5 Be7 23. Bd3 Bxd3 24. f5 e5 25. Nxd3 Bf8 26. Rce1 h4 27. Bxh4 Rh7 28. g3 Bh6 29. Nf2 Rg7 30. e4 Bg5 31. Bxg5 Rxg5 32. Qb3 Kg7 33. exd5 cxd5 34. Qxd5 Rxf5 35. Nxg4 Rxf1+ 36. Rxf1 Qc6 37. Qxc6 bxc6 38. dxe5 fxe5 39. b4 a5 40. Rd1 Re7 41. bxa5 Nxc5 42. Rc1 Nb7 43. a6 Nd8 44. Rd1 Nf7 45. Rb1 Nd6 46. Rb6 e4 47. Rxc6 Nb5 48. Rb6 Nd4 49. Rb7 Rxb7 50. axb7 Nc6 51. Kg2 1-0

[Event "10th KiiT Festival 2017"]
[Site "Bhubaneshwar"]
[Date "2017.05.27"]
[Round "2"]
[White "Erigaisi Arjun"]
[Black "Shrestha, Bilam Lal"]
[Result "1/2-1/2"]
[ECO "A60"]
[WhiteElo "2338"]
[BlackElo "2072"]
[Annotator "NA"]
[PlyCount "113"]
[EventDate "2017.05.26"]
[EventType "swiss"]
[EventCountry "IND"]
[SourceTitle "playchess.com"]
[Source "ChessBase"]
[SourceQuality "1"]
[TimeControl "5400+30"]

1. d4 Nf6 2. c4 c5 3. d5 e6 4. Nc3 exd5 5. cxd5 d6 6. Nf3 a6 7. a4 g6 8. Nd2 Nbd7 9. e4 Bg7 10. Be2 O-O 11. O-O Re8 12. Re1 Rb8 13. a5 b5 14. axb6 Nxb6 15. Ra3 Ra8 16. h3 Nfd7 17. Bf1 Bd4 18. Nb3 Bg7 19. Na5 Qf6 20. Be3 Ne5 21. f4 Ned7 22. Nc6 Bb7 23. Qa1 Qh4 24. Bd2 Bd4+ 25. Nxd4 cxd4 26. Na2 Nc5 27. Qb1 Qe7 28. Bd3 Rac8 29. Nb4 Nxd3 30. Rxd3 Nc4 31. Rxd4 Nxd2 32. Rxd2 Rc4 33. Nc6 Bxc6 34. dxc6 Rxc6 35. Qd3 Qe6 36. Kh2 Rb8 37. Re3 Rb5 38. Qa3 Rcb6 39. e5 d5 40. Red3 Qf5 41. Rd4 g5 42. Qe7 Rxb2 43. Rxb2 Rxb2 44. fxg5 Re2 45. Qd8+ Kg7 46. Qf6+ Qxf6 47. exf6+ Kg6 48. Rxd5 h6 49. gxh6 Kxh6 50. Ra5 Re6 51. g4 Kg6 52. g5 Rb6 53. h4 Rb4 54. Kg3 Rb3+ 55. Kf2 Rb4 56. Kg3 Rb3+ 57. Kf2 1/2-1/2

[Event "10th KiiT Festival 2017"]
[Site "Bhubaneshwar"]
[Date "2017.05.27"]
[Round "2"]
[White "Arjun Kalyan"]
[Black "Baivab Mishra"]
[Result "1/2-1/2"]
[ECO "B76"]
[WhiteElo "2322"]
[BlackElo "2068"]
[Annotator "NA"]
[PlyCount "98"]
[EventDate "2017.05.26"]
[EventType "swiss"]
[EventCountry "IND"]
[SourceTitle "playchess.com"]
[Source "ChessBase"]
[SourceQuality "1"]
[TimeControl "5400+30"]

1. e4 c5 2. Nf3 d6 3. d4 cxd4 4. Nxd4 Nf6 5. Nc3 g6 6. Be3 Bg7 7. f3 O-O 8. Qd2 Nc6 9. O-O-O d5 10. exd5 Nxd5 11. Nxc6 bxc6 12. Bd4 Bxd4 13. Qxd4 Qb6 14. Na4 Qc7 15. Bc4 Rd8 16. Bb3 Bf5 17. g3 Nb6 18. Qc5 Rd6 19. Nc3 Nd7 20. Qe3 Nf8 21. Ne4 Bxe4 22. fxe4 Nd7 23. h4 Rd8 24. Rdf1 Rf6 25. h5 Rxf1+ 26. Rxf1 e6 27. Qg5 Re8 28. hxg6 hxg6 29. Qh4 Qe5 30. Rh1 Nc5 31. Bc4 Nxe4 32. Re1 Qg5+ 33. Qxg5 Nxg5 34. Re5 f5 35. g4 Kg7 36. gxf5 gxf5 37. Rc5 Rc8 38. Bb5 Kf6 39. Rxc6 Rxc6 40. Bxc6 e5 41. b4 e4 42. a4 Ke5 43. b5 Ne6 44. a5 Nd4 45. Be8 Kd6 46. Kd1 Kc5 47. b6 axb6 48. a6 Nc6 49. Bg6 b5 1/2-1/2

[Event "10th KiiT Festival 2017"]
[Site "Bhubaneshwar"]
[Date "2017.05.27"]
[Round "2"]
[White "Rajesh, V A V"]
[Black "Nayak Rajesh"]
[Result "0-1"]
[ECO "E71"]
[WhiteElo "2314"]
[BlackElo "2067"]
[Annotator "NA"]
[PlyCount "57"]
[EventDate "2017.05.26"]
[EventType "swiss"]
[EventCountry "IND"]
[SourceTitle "playchess.com"]
[Source "ChessBase"]
[SourceQuality "1"]
[TimeControl "5400+30"]

1. d4 Nf6 2. c4 g6 3. Nc3 Bg7 4. e4 d6 5. h3 O-O 6. Nf3 e5 7. d5 a5 8. Be3 Na6 9. Bd3 Nh5 10. O-O Nf4 11. Bc2 h5 12. Re1 Qf6 13. Bxf4 Qxf4 14. a3 f5 15. b4 b6 16. Rb1 Qh6 17. Bd3 Bd7 18. Nb5 Rf7 19. Qd2 f4 20. Nh2 Bf6 21. Be2 g5 22. f3 Kh8 23. Rec1 Rg8 24. Rb3 Rh7 25. Qd1 g4 26. fxg4 f3 27. Bxf3 hxg4 28. Nxg4 Bxg4 29. hxg4 0-1

[Event "10th KiiT Festival 2017"]
[Site "Bhubaneshwar"]
[Date "2017.05.27"]
[Round "2"]
[White "Raahul V S"]
[Black "Hamal, Manish"]
[Result "1/2-1/2"]
[ECO "E62"]
[WhiteElo "2311"]
[BlackElo "2056"]
[Annotator "NA"]
[PlyCount "139"]
[EventDate "2017.05.26"]
[EventType "swiss"]
[EventCountry "IND"]
[SourceTitle "playchess.com"]
[Source "ChessBase"]
[SourceQuality "1"]
[TimeControl "5400+30"]

1. c4 Nf6 2. Nc3 g6 3. g3 Bg7 4. Bg2 d6 5. d4 O-O 6. Nf3 Nc6 7. O-O h6 8. Qc2 Bf5 9. e4 Bg4 10. Be3 Qc8 11. d5 Nb4 12. Qd2 Kh7 13. Rac1 Na6 14. Rfe1 c5 15. dxc6 bxc6 16. e5 dxe5 17. Nxe5 Rd8 18. Qc2 Nb4 19. Qa4 Nd3 20. Nxd3 Rxd3 21. Qxc6 Qxc6 22. Bxc6 Rc8 23. Bg2 Be6 24. Bxa7 Bxc4 25. Be3 Be6 26. Rcd1 Rxd1 27. Rxd1 Bg4 28. Rd2 Ne8 29. h3 Be6 30. Nd5 Nd6 31. b3 Nf5 32. Bb6 h5 33. a4 Rc1+ 34. Kh2 Rb1 35. a5 Rxb3 36. a6 Bxd5 37. Bxd5 Rxb6 38. a7 Ra6 39. Ra2 Rxa7 40. Rxa7 Bd4 41. Ra2 Kg7 42. Kg2 Bc5 43. Ra5 Bb4 44. Ra4 Bd6 45. Be4 Nh6 46. Kf3 Ng8 47. Ke2 Nf6 48. Kd3 Ng8 49. Kc4 Nf6 50. Kb5 Nh7 51. Kc6 Ng5 52. Bg2 Ne6 53. Bd5 Nf8 54. Re4 Nh7 55. Re3 Ng5 56. Bg2 Nh7 57. Bf1 Kf8 58. Bc4 Kg7 59. Bd3 Ng5 60. f4 Nh7 61. f5 Nf6 62. fxg6 fxg6 63. Bc4 Nh7 64. Kd7 Bc5 65. Rb3 Ng5 66. h4 Ne4 67. Bd5 Nf6+ 68. Ke6 Bd6 69. Rf3 Bc5 70. Bc4 1/2-1/2

[Event "10th KiiT Festival 2017"]
[Site "Bhubaneshwar"]
[Date "2017.05.27"]
[Round "2"]
[White "Mitrabha, Guha"]
[Black "Priyanka, Kumari"]
[Result "1-0"]
[ECO "E63"]
[WhiteElo "2299"]
[BlackElo "1941"]
[Annotator "NA"]
[PlyCount "121"]
[EventDate "2017.05.26"]
[EventType "swiss"]
[EventCountry "IND"]
[SourceTitle "playchess.com"]
[Source "ChessBase"]
[SourceQuality "1"]
[TimeControl "5400+30"]

1. d4 Nf6 2. c4 g6 3. g3 Bg7 4. Bg2 O-O 5. Nc3 d6 6. Nf3 a6 7. O-O Nc6 8. Qd3 Bf5 9. e4 Bg4 10. d5 Bxf3 11. Qxf3 Nd4 12. Qd1 c5 13. dxc6 Nxc6 14. Be3 Nd7 15. Rc1 Rc8 16. b3 Nc5 17. Nd5 e6 18. Nf4 Qe7 19. Qd2 Rfd8 20. Rfd1 Bf8 21. Ne2 Nd7 22. h3 e5 23. Nc3 Qe6 24. Nd5 Ne7 25. Nc3 Nc6 26. Kh2 Kh8 27. h4 f5 28. Bh3 Nf6 29. Kg1 Ng4 30. exf5 gxf5 31. Bxg4 fxg4 32. Re1 Qf5 33. Nd5 Bg7 34. Bb6 Rf8 35. Rcd1 Qg6 36. Qg5 Qxg5 37. hxg5 Rf5 38. Ne3 Rxg5 39. Rxd6 Re8 40. Kg2 Kg8 41. Rd7 Re7 42. Red1 Kf7 43. Bc5 Rxd7 44. Rxd7+ Ke6 45. Rxb7 a5 46. Rc7 Nd4 47. Re7+ Kf6 48. Ra7 Kg6 49. Rxa5 Ne6 50. Be7 Bf6 51. Bxf6 Kxf6 52. Nd5+ Kf5 53. Ra7 h5 54. b4 Ke4 55. Rd7 Nd4 56. b5 Kd3 57. b6 Rf5 58. b7 Rf8 59. Rf7 Rb8 60. Nb4+ Kxc4 61. Na6 1-0

[Event "10th KiiT Festival 2017"]
[Site "Bhubaneshwar"]
[Date "2017.05.27"]
[Round "2"]
[White "Gukesh D"]
[Black "Alahakoon, Isuru"]
[Result "1-0"]
[ECO "A06"]
[WhiteElo "2283"]
[BlackElo "2047"]
[Annotator "NA"]
[PlyCount "69"]
[EventDate "2017.05.26"]
[EventType "swiss"]
[EventCountry "IND"]
[SourceTitle "playchess.com"]
[Source "ChessBase"]
[SourceQuality "1"]
[TimeControl "5400+30"]

1. Nf3 d5 2. g3 Nc6 3. d4 Bf5 4. Bg2 Nb4 5. Na3 e6 6. c3 Nc6 7. Qb3 Rb8 8. O-O Be7 9. Bf4 g5 10. Be3 h5 11. Ne5 h4 12. Qa4 Kf8 13. c4 Nxe5 14. dxe5 d4 15. Rad1 c5 16. Bc1 a6 17. e3 hxg3 18. hxg3 Qc7 19. exd4 cxd4 20. Rfe1 Nh6 21. b4 d3 22. c5 Ng4 23. Nc4 b5 24. Qa5 Bd8 25. Qxc7 Bxc7 26. Nd6 f6 27. Nxf5 exf5 28. exf6 Rd8 29. Bxg5 Rh5 30. f4 Rd4 31. Bc6 Bd8 32. Bf3 Rh3 33. Bh4 Rxf4 34. Rxd3 Rxf3 35. Rxd8+ 1-0